AoeStats
← Law_Enforcer12

Arabia

507221529Analyzed
2v2 RM · 15d ago on Sep 17, 2026· 53m 25s· 4 players
Game mode
Random Map
Map size
Medium (4 player)
Population
200
Speed
Normal
Resources
Standard
Victory
Conquest
Starting age
Dark Age
Ending age
Imperial Age
RankedLock teamsTeams togetherTeam positionsShared explorationLock speedFull tech treeHidden civsTurbo modeCheats
Victory
Defeat
🇳🇿 Franks · New Zealand
609
+13
🇳🇿 Tatars · New Zealand
595
+14
🇳🇿 Cumans · New Zealand
576
-32
🇳🇿 Vietnamese · New Zealand
515
-12
gluestick656
12:11 Feudal Age
14:38 Man-at-Arms
16:14 Bloodlines
21:15 Castle Age
22:58 Double-Bit Axe
22:56 Horse Collar
24:16 Squires
23:39 Pikeman
25:00 Town Watch
27:29 Husbandry
31:26 Caravan
32:04 Forging
32:00 Scale Barding Armor
33:34 Bow Saw
36:12 Wheelbarrow
35:22 Loom
35:39 Town Patrol
38:45 Imperial Age
38:25 Hand Cart
38:15 Heavy Plow
38:14 Gold Mining
38:15 Stone Mining
38:35 Scale Mail Armor
39:11 Elite Keshik
40:38 Iron Casting
41:03 Long Swordsman
41:05 Halberdier
42:08 Timurid Siegecraft
42:22 Conscription
42:31 Two-Handed Swordsman
44:29 Crop Rotation
45:14 Gold Shaft Mining
45:13 Heavy Scorpion
46:35 Fletching
46:46 Padded Archer Armor
47:15 Chain Barding Armor
47:56 Blast Furnace
47:28 Murder Holes
47:54 Capped Ram
52:38 Plate Barding Armor
52:03 Bodkin Arrow
52:10 Siege Ram
Caucasian Rat
10:55 Feudal Age
11:30 Double-Bit Axe
13:44 Loom
17:28 Gold Mining
21:47 Castle Age
21:09 Scale Mail Armor
21:27 Forging
22:42 Bow Saw
23:11 Gold Shaft Mining
22:28 Stone Mining
23:11 Man-at-Arms
23:52 Squires
24:26 Husbandry
24:39 Long Swordsman
26:42 Wheelbarrow
25:54 Town Watch
30:08 Hand Cart
29:57 Town Patrol
36:08 Imperial Age
35:45 Iron Casting
35:11 Scale Mail Armor
35:16 Scale Barding Armor
35:17 Gambesons
37:20 Caravan
36:45 Two-Handed Swordsman
36:48 Cavalier
38:33 Blast Furnace
37:50 Chain Mail Armor
39:13 Murder Holes
39:04 Arrowslits
40:15 Champion
41:49 Paladin
43:47 Arson
43:23 Pikeman
43:26 Light Cavalry
46:03 Chemistry
45:12 Chivalry
47:50 Conscription
48:09 Hoardings
48:30 Elite Skirmisher
48:36 Halberdier
49:52 Plate Mail Armor
49:42 Chain Barding Armor
Law_Enforcer12
13:34 Feudal Age
16:04 Wheelbarrow
15:15 Horse Collar
15:26 Double-Bit Axe
17:57 Gold Mining
18:33 Stone Mining
19:52 Man-at-Arms
25:46 Castle Age
27:53 Hand Cart
27:56 Crossbowman
27:57 Elite Skirmisher
28:44 Thumb Ring
32:42 Forging
32:23 Fletching
32:34 Scale Mail Armor
32:40 Scale Barding Armor
32:35 Padded Archer Armor
33:53 Bloodlines
34:22 Gold Shaft Mining
33:51 Heavy Plow
34:06 Bow Saw
34:22 Pikeman
39:37 Imperial Age
38:22 Leather Archer Armor
38:43 Iron Casting
38:24 Chain Mail Armor
38:21 Capped Ram
40:35 Cavalier
40:41 Imperial Skirmisher
44:26 Parthian Tactics
49:13 Halberdier
yacob
10:28 Feudal Age
11:08 Horse Collar
11:17 Double-Bit Axe
14:49 Wheelbarrow
15:42 Loom
20:37 Castle Age
19:28 Padded Archer Armor
19:19 Fletching
20:13 Man-at-Arms
23:25 Hand Cart
22:39 Pikeman
23:20 Squires
24:18 Elite Skirmisher
27:43 Heavy Plow
32:23 Town Watch
35:24 Imperial Age
33:27 Ballistics
33:01 Treadmill Crane
33:55 Leather Archer Armor
33:35 Bodkin Arrow
33:52 Forging
33:44 Scale Mail Armor
34:41 Bow Saw
34:40 Man-at-Arms
35:37 Town Patrol
39:40 Paper Money
39:32 Gold Mining
39:33 Stone Mining
40:46 Two-Man Saw
40:17 Crop Rotation
40:03 Halberdier
40:05 Long Swordsman
43:45 Elite Rattan Archer
44:32 Chatras
45:10 Hoardings
45:41 Chemistry
47:51 Chain Mail Armor
48:12 Iron Casting
47:37 Bracer
48:08 Ring Archer Armor
47:43 Scale Barding Armor
48:24 Two-Handed Swordsman
48:28 Imperial Skirmisher
49:17 Thumb Ring
48:36 Crossbowman
48:51 Onager
Connection lost

Rejoining the realm…

Still unreachable

The connection could not be restored.

Session expired

The server has moved on; the page needs a fresh start.